 Dungeon Crawl Stone Soup version 0.28-a0-706-gf6f64a616a (webtiles) character file.

Game seed: 2395747275410038266

81 lawman0 the Insei (level 4, -8/32 HPs)
             Began as a Djinni Transmuter on Oct 24, 2021.
             Mangled by a yak (13 damage)
             ... on level 4 of the Dungeon.
             The game lasted 00:02:29 (2727 turns).

lawman0 the Insei (Djinni Transmuter)               Turns: 2727, Time: 00:02:30

Health: -8/32      AC:  2    Str:  9    XL:     4   Next: 68%
Gold:   80         EV: 12    Int: 17    God:
                   SH:  0    Dex: 14

rFire   + + .      SeeInvis .     - Unarmed
rCold   x . .      Faith    .   (no shield)
rNeg    . . .      Spirit   .   a - +0 robe
rPois   ∞          Reflect  .   (helmet currently unavailable)
rElec   .          Harm     .   (no cloak)
rCorr   .          Rampage  .   (no gloves)
Will    .....                   (boots unavailable)
Stlth   +.........              (no amulet)
HPRegen 0.10/turn               (no ring)
MPRegen 0.00/turn               (no ring)

@: appendages (expiring), flying
A: horns 2, flying, sickness immunity, fire resistance 2, cold vulnerability 1,
float, innate caster, hp casting, extra vitality 1, clever 1, MP-powered wands
a: End Transformation


You were on level 4 of the Dungeon.
You had temporarily grown beastly horns.
You visited 1 branch of the dungeon, and saw 4 of its levels.

You collected 80 gold pieces.

Inventory:

Missiles
 g - 22 poisoned darts (quivered)
Armour
 a - a +0 robe (worn)
Magical Staves
 f - a staff of conjuration
Wands
 d - a wand of paralysis (10)
Scrolls
 e - a scroll of fear {unknown}
Potions
 b - a potion of lignification
 c - a potion of flight {unknown}


   Skills:
 + Level 1.1 Fighting
 + Level 2.5 Dodging
 + Level 0.2 Stealth
 * Level 4.4 Unarmed Combat
 * Level 2.1 Spellcasting


You couldn't memorise any spells.
You knew the following spells:

 Your Spells              Type           Power      Damage    Failure   Level
a - Beastly Appendage     Tmut           18%        N/A       8%          1
b - Wereblood             Tmut           9%         N/A       12%         2
c - Spider Form           Tmut/Pois      4%         N/A       24%         3
d - Ice Form              Ice/Tmut       9%         N/A       61%         4
e - Sting                 Tmut/Pois      36%        1d4       8%          1
Your spell library was empty.

Dungeon Overview and Level Annotations

Branches:
Dungeon (4/15)
 Temple: D:4-7

Altars:
Dithmenos

Shops:
D:4 [

Annotations:
D:3 1 runed translucent door, bellsore's ghost, amateur GrEE


Innate Abilities, Weirdness & Mutations

You have temporarily grown beastly horns.
You are flying.
You are immune to sickness and miasma.
You are immune to poison.
Your flesh is very heat resistant. (rF++)
You are vulnerable to cold. (rC-)
You float through the air rather than walking.
You learn spells naturally, not from books.
Your magical power is your life essence.
You have superior vitality. (+4 HP)
Your mind is acute. (Int +2)
You expend health (3 HP) to strengthen your wands.


Message History

The ball python is severely wounded.
The ball python bites you but does no damage.
The ball python closely misses you.
You hit the ball python.
You kill the ball python!
The yak bellows!
You hear a shout!
An orc priest comes into view. It is wielding a +0 dagger.
A yak comes into view.
A yak comes into view.
An orc comes into view. It is wielding a +0 club.
The yak bellows! x2
An ogre comes into view. It is wielding a +0 giant spiked club.
The ogre shouts!
Found a scroll of immolation.
You hear a bellow!
You hit the yak but do no damage.
A yak comes into view.
Enter note: omeo n Unknown command.
You barely miss the yak. You headbutt the yak!
The yak is lightly wounded.
The yak misses you.
You hit the yak but do no damage. You headbutt the yak.
The yak is moderately wounded.
The yak gores you!
An orc comes into view. It is wielding a +0 hand axe.
Unknown command.
You hit the yak.
The yak is moderately wounded.
A centaur zombie comes into view.
The orc priest invokes the aid of Beogh against you.
Beogh smites you!
* * * LOW HITPOINT WARNING * * *
The yak misses you.
You hit the yak but do no damage.
Your transformation is almost over.
The yak gores you.
* * * LOW HITPOINT WARNING * * *
The yak gores you but does no damage. The yak gores you!
You die...

#....... #Z......
#### #....o.?
..∩.. #.....
.....###..Y.
........O.#
......oYY.+
.......@Yo#######
..........#.#...#
.....####.#....#
.... #.#..#.# ...
#......# ..
####.#### .
#...<# ######


You could see 4 yaks, an ogre, an orc priest, 2 orcs and a centaur zombie.

Vanquished Creatures
  3 adders (D:3)
  A gnoll (D:3)
  3 dart slugs
  7 endoplasms
  A giant cockroach (D:3)
  2 goblins (D:1)
  3 hobgoblins
  A quokka (D:1)
  5 ball pythons
  5 bats
  5 frilled lizards
  2 kobolds (D:1)
  3 rats
41 creatures vanquished.

Notes
Turn   | Place    | Note
-------+----------+-------------------------------------------
     0 | D:1      | lawman0 the Djinni Transmuter began the quest for the Orb.
     0 | D:1      | Reached XP level 1. HP: 17/17 MP: 0/0
   106 | D:1      | Reached XP level 2. HP: 5/22 MP: 0/0
  1014 | D:1      | Reached XP level 3. HP: 26/27 MP: 0/0
  1014 | D:1      | Learned a level 1 spell: Sting
  1064 | D:1      | Found a faded altar of an unknown god.
  1489 | D:3      | Gained mutation: Your mind is acute. (Int +2) [potion of
                  | mutation]
  1489 | D:3      | Gained mutation: You expend health (3 HP) to strengthen
                  | your wands. [potion of mutation]
  1494 | D:3      | Reached skill level 4 in Unarmed Combat
  1498 | D:3      | Reached XP level 4. HP: 8/32 MP: 0/0
  1993 | D:3      | Found a runed translucent door.
  1994 | D:3      | Noticed an ogre
  1994 | D:3      | Noticed bellsore's ghost (amateur GrEE)
  2453 | D:3      | Found a shadowy altar of Dithmenos.
  2714 | D:4      | Found Teudaeva's Armour Shoppe.
  2717 | D:4      | Noticed a yak
  2719 | D:4      | Noticed a yak
  2720 | D:4      | Noticed a yak
  2721 | D:4      | Noticed an ogre
  2723 | D:4      | Noticed a yak
  2724 | D:4      | omeo n
  2727 | D:4      | Mangled by a yak

Illustrated notes

#....Y.. #.......
#### #......?
..∩.. #oY...
.....###.o.O
.........Y#
........Y.+
.......@..#######
..........#.#...#
.....####.#....#
.... #.#..#.# ...
#......# ..
####.#### .
#...<# ######


Turn 2724 on D:4: omeo n

Levels and vault maps discovered:
D:1:      eino_arrival_water_cross, layout_basic,
          ebering_ecumenical_altar_abandoned, hex_large
D:2:      layout_rooms, minmay_joined_circles
D:3:      layout_rooms, mainiacjoe_overflow_cross_hatched,
          ebering_ghost_inner_flame, kennysheep_generic_room_14
D:4:      layout_basic, nicolae_yredelemnul_corpse_copse,
          nemelex_xobeh_ov_fountains_minmay, nicolae_ossuary_entry_plus,
          serial_shops, shop, hex_tiny

Skill      XL: |  1  2  3 |
---------------+----------+-----
Unarmed Combat | 4 |  4.4
Spellcasting   | 2 |  2.1
Fighting       | |  1.1
Dodging        | |  2.5
Stealth        | |  0.2

Action                   |  1- 3 |  4- 6 || total
-------------------------+-------+-------++-------
Melee: Unarmed           |    75 |    50 ||   125
       Headbutt          |    12 |    10 ||    22
       Punch             |     1 |     1 ||     2
 Cast: Beastly Appendage |    15 |     7 ||    22
  Use: Potion            |     2 |       ||     2
       Scroll            |       |     1 ||     1
 Stab: Sleeping          |     3 |       ||     3
Armor: Robe              |    23 |    11 ||    34
       Skin              |     2 |       ||     2
Dodge: Dodged            |    66 |    30 ||    96

Table legend: (Time is in decaauts)
 A = Elapsed time spent in this place.
 B = Non-inter-level travel time spent in this place.
 C = Inter-level travel time spent in this place.
 D = Time resting spent in this place.
 E = Time spent auto-exploring this place.
 F = Levels seen in this place.
 G = Mean time per level.
                   A        B        C        D        E       F      G
               +--------+--------+--------+--------+--------+-----+--------+
         Total |   2717 |   2694 |     23 |    606 |   1719 |   4 |  679.2 |
       Dungeon |   2717 |   2694 |     23 |    606 |   1719 |   4 |  679.2 |
               +--------+--------+--------+--------+--------+-----+--------+

Top non-repeatable levels by time:
     D:1: 1434 daAuts
     D:3: 1215 daAuts
     D:2: 46 daAuts
     D:4: 21 daAuts
